 Dungeon Crawl Stone Soup version 0.29-a0-529-gfa20dd96a1 (webtiles) character file.

Game seed: 371795411849637870

292 happo123 the Sneak (level 6, -5/35 HPs)
             Began as a Kobold Enchanter on June 1, 2022.
             Slain by an orc
             ... wielding a +0 trident
              (7 damage)
             ... on level 3 of the Dungeon.
             The game lasted 00:10:09 (2430 turns).

happo123 the Sneak (Kobold Enchanter)               Turns: 2430, Time: 00:10:09

Health: -5/35      AC:  2    Str:  5    XL:     6   Next: 59%
Magic:  3/10       EV: 15    Int: 18    God:
Gold:   199        SH:  0    Dex: 16    Spells: 6/11 levels left

rFire   x . .      SeeInvis .   m - +1 dagger (speed)
rCold   + . .      Faith    .   (no shield)
rNeg    . . .      Spirit   .   b - +0 robe
rPois   .          Reflect  .   (no helmet)
rElec   .          Harm     .   y - scarf {repulsion}
rCorr   .          Rampage  .   (no gloves)
Will    .....                   (no boots)
Stlth   ++++......              (no amulet)
HPRegen 0.11/turn               d - ring of ice
MPRegen 0.12/turn               (no ring)

@: repel missiles
A: small, no large weapons, nightstalker 3
a: no special abilities


You were on level 3 of the Dungeon.
You visited 1 branch of the dungeon, and saw 3 of its levels.

You collected 199 gold pieces.

Inventory:

Hand Weapons
 a - a +1 dagger
 m - a +1 dagger of speed (weapon)
Armour
 b - a +0 robe (worn)
 v - a +0 cloak
 y - a scarf of repulsion (worn)
Jewellery
 d - a ring of ice (left hand)
Scrolls
 e - 2 scrolls of fear {unknown}
 f - a scroll of noise {unknown}
 h - a scroll of immolation {unknown}
 i - a scroll of amnesia {unknown}
 k - 2 scrolls of teleportation {unknown}
 p - a scroll of magic mapping {unknown}
 q - a scroll of silence {unknown}
 u - 2 scrolls of identify {unknown}
 x - 2 scrolls of vulnerability {unknown}
 A - a scroll of enchant armour {unknown}
Potions
 c - 2 potions of invisibility
 g - a potion of mutation {unknown}
 j - a potion of cancellation {unknown}
 l - a potion of haste {unknown}
 n - a potion of resistance {unknown}
 o - 2 potions of brilliance {unknown}
 r - a potion of curing {unknown}
 s - a potion of attraction {unknown}
 t - a potion of heal wounds {unknown}
 w - a potion of lignification {unknown}
 z - a potion of berserk rage {unknown}


   Skills:
 + Level 1.7 Fighting
 + Level 3.2 Short Blades
 + Level 3.4 Dodging
 + Level 5.0 Stealth
 + Level 3.0 Spellcasting
 * Level 4.4 Hexes
 + Level 1.8 Ice Magic


You had 6 spell levels left.
You knew the following spells:

 Your Spells              Type           Power      Damage    Failure   Level
a - Ensorcelled Hibernat  Hex/Ice        42%        N/A       7%          2
b - Confusing Touch       Hex            18%        N/A       8%          3

Your spell library contained the following spells:

 Spells                   Type           Power      Damage    Failure   Level
 Freeze                   Ice            56%        1d7       8%          1
 Tukima's Dance           Hex            18%        N/A       8%          3
 Dazzling Flash           Conj/Hex       20%        N/A       21%         3
 Frozen Ramparts          Ice            28%        1d4       22%         3
 Hailstorm                Conj/Ice       9%         3d4       73%         4


Dungeon Overview and Level Annotations

Branches:
Dungeon (3/15)

Altars:
Trog


Innate Abilities, Weirdness & Mutations

You are small and have problems with some larger weapons.
You are completely attuned to the shadows.


Message History

Aim: an orc, wielding a +0 short sword (chance to affect: 70%)
You feel a surge of power!
The orc looks drowsy...
The helpless orc fails to defend itself.
You impale the orc!!
You kill the orc!
You barely miss the orc. You closely miss the orc.
The orc hits you with a +1 whip of pain!
The orc hits you from afar with a +0 trident.
Aiming: Ensorcelled Hibernation (safe; 7% risk of failure)
Press: ? - help, Q - select action, (/) - cycle Shift-Dir - straight line, f - orc
Aim: an orc, wielding a +1 whip of pain (chance to affect: 71%)
You feel a surge of power!
The orc looks drowsy...
The orc closely misses you.
Your magical contamination has completely faded away.
The helpless orc fails to defend itself.
You impale the orc!!
You kill the orc!
The orc wizard closely misses you. The orc hits you with a +0 trident.
There is an open door, spattered with blood here.
Items here: ))) [.
The orc wizard attacks as you move away!
The orc wizard hits you with a +0 dagger.
The orc hits you from afar with a +0 trident.
* * * LOW HITPOINT WARNING * * *
You hit the orc wizard but do no damage.
The orc wizard hits you with a +0 dagger.
* * * LOW HITPOINT WARNING * * *
The orc misses you.
You hit the orc wizard but do no damage.
You hit the orc wizard.
The orc wizard is lightly wounded.
The orc wizard gestures wildly while chanting.
The orc wizard flickers and vanishes!
Deactivating autopickup; reactivate with Ctrl-A.
The orc hits you but does no damage.
You barely miss something. Something hits you.
* * * LOW HITPOINT WARNING * * *
The orc hits you from afar with a +0 trident!
You die...

...........#
#....#
.#.###.#####
#.#### #.
.<.....# #.#
###.#..##.#
#.#
.#...#...#.#
#.#
P........##.#
#.#
............#
#.###
.....##.#.###
#...###
.....{@.#..#
###†#..
....o#####.#
#.#.# .....#
#.## #...#
.....# #..###
##### .....#
#....# .)...#
#....#
#....#.#
#....#.#
###..#.#


You could see an orc.

Vanquished Creatures
  Sigmund (D:2)
  Crazy Yiuf (D:2)
  2 adders (D:2)
  A worm (D:2)
  A dart slug (D:3)
  3 orcs (D:3)
  7 ball pythons
  7 endoplasms
  A giant cockroach (D:3)
  9 goblins
  5 hobgoblins
  7 jackals (D:2)
  6 kobolds
  2 quokkas
  4 bats (D:2)
  2 frilled lizards (D:3)
  2 rats
61 creatures vanquished.

Vanquished Creatures (others)
  A fungus (D:2)
1 creature vanquished.

Grand Total: 62 creatures vanquished

Notes
Turn   | Place    | Note
-------+----------+-------------------------------------------
     0 | D:1      | happo123 the Kobold Enchanter began the quest for the Orb.
     0 | D:1      | Reached XP level 1. HP: 10/10 MP: 3/3
    91 | D:1      | Found a faded altar of an unknown god.
   467 | D:1      | Reached XP level 2. HP: 7/15 MP: 5/5
   481 | D:1      | Learned a level 2 spell: Ensorcelled Hibernation
  1078 | D:2      | Reached XP level 3. HP: 20/20 MP: 6/6
  1082 | D:2      | Learned a level 3 spell: Confusing Touch
  1251 | D:2      | Reached XP level 4. HP: 18/24 MP: 0/7
  1364 | D:2      | Noticed Sigmund
  1371 | D:2      | Killed Sigmund
  1372 | D:2      | Reached skill level 1 in Fighting
  1372 | D:2      | Reached skill level 1 in Ice Magic
  1372 | D:2      | Reached XP level 5. HP: 23/29 MP: 3/9
  1372 | D:2      | Reached XP level 6. HP: 27/34 MP: 3/10
  2114 | D:2      | Found a runed translucent door.
  2117 | D:2      | Noticed Crazy Yiuf
  2122 | D:2      | Killed Crazy Yiuf
  2123 | D:2      | Reached skill level 5 in Stealth
  2186 | D:3      | Found a bloodstained altar of Trog.
  2430 | D:3      | Slain by an orc

Illustrated notes

Levels and vault maps discovered:
D:1:      dpeg_arrival_rooms_with_view, layout_rooms, basic_ecumenical_altar
D:2:      layout_loops_ring, uniq_sigmund, uniq_crazy_yiuf_cottage
D:3:      layout_basic, lemuel_crystal_altar, yredelemnul_altar_generic

Skill      XL: |  1  2  3  4  5  6 |
---------------+-------------------+-----
Short Blades   | 2 3 |  3.2
Fighting       | 1 |  1.7
Dodging        | 3 |  3.4
Hexes          | 4 |  4.4
Ice Magic      | 1 |  1.8
Stealth        | 5 |  5.0
Spellcasting   | 3 |  3.0

Action                   |  1- 3 |  4- 6 || total
-------------------------+-------+-------++-------
Melee: Dagger            |    64 |    76 ||   140
       Punch             |       |     1 ||     1
 Cast: Ensorcelled Hiber |     3 |    21 ||    24
 Stab: Sleeping          |    16 |    26 ||    42
Armor: Robe              |    13 |     5 ||    18
Dodge: Dodged            |    33 |    38 ||    71

Table legend: (Time is in decaauts)
 A = Elapsed time spent in this place.
 B = Non-inter-level travel time spent in this place.
 C = Inter-level travel time spent in this place.
 D = Time resting spent in this place.
 E = Time spent auto-exploring this place.
 F = Levels seen in this place.
 G = Mean time per level.
                   A        B        C        D        E       F      G
               +--------+--------+--------+--------+--------+-----+--------+
         Total |   2379 |   2240 |    139 |      0 |   1845 |   3 |  793.0 |
       Dungeon |   2379 |   2240 |    139 |      0 |   1845 |   3 |  793.0 |
               +--------+--------+--------+--------+--------+-----+--------+

Top non-repeatable levels by time:
     D:2: 1086 daAuts
     D:1: 1034 daAuts
     D:3: 259 daAuts
